 Dungeon Crawl Stone Soup version 0.28-b1-25-g9875b3fc8c (webtiles) character file.

Game seed: 2472177276023103159

2307 emikaela the Conjurer (level 9, -1/47 (52) HPs)
             Began as a Tengu Enchanter on Feb 5, 2022.
             Was an Elder of Ignis.
             Slain by a wight (17 damage)
             ... on level 7 of the Dungeon.
             The game lasted 00:51:27 (10932 turns).

emikaela the Conjurer (Tengu Enchanter)            Turns: 10932, Time: 00:51:28

HP:   -1/47 (52)    AC:  9    Str:  9    XL:     9   Next: 41%
MP:   13/16         EV: 14    Int: 20    God:    Ignis [****..]
Gold: 329           SH:  0    Dex: 14    Spells: 8/16 levels left

rFire   + + .      SeeInvis .   b - +5 halberd (flame)
rCold   . . .      Faith    .   (shield currently unavailable)
rNeg    . . .      Spirit   .   J - +2 leather armour of Mytof {rPois}
rPois   +          Reflect  .   (helmet restricted)
rElec   .          Harm     .   (no cloak)
rCorr   .          Rampage  .   (no gloves)
Will    .....                   (boots unavailable)
Stlth   +++.......              (no amulet)
HPRegen 0.15/turn               q - ring of protection from fire
MPRegen 0.15/turn               (no ring)

@: ice-armoured, flying quickly and evasively, drained, quick
A: beak, talons 3, nimble flight
a: Renounce Religion, Fiery Armour, Foxfire Swarm


You were on level 7 of the Dungeon.
You worshipped Ignis.
Ignis was greatly pleased with you.
You visited 1 branch of the dungeon, and saw 7 of its levels.
You also visited: Sewer.

You collected 329 gold pieces.

Inventory:

Hand Weapons
 a - a +2 dagger
 b - a +5 halberd of flaming (weapon)
 z - a +0 hand crossbow
 I - a +1 short sword of draining
Missiles
 e - 85 arrows
 s - 134 stones (quivered)
 t - 3 boomerangs
 y - 38 bolts
 A - 6 poisoned darts
 S - 41 sling bullets
Armour
 h - a +1 robe of willpower
 J - the +2 leather armour of Mytof (worn) {rPois}
   (You took it off an orc on level 6 of the Dungeon)

   rPois:     It protects you from poison.
Jewellery
 o - a ring of fire
 q - a ring of protection from fire (left hand)
Wands
 B - a wand of iceblast (7)
 E - a wand of mindburst (23)
 F - a wand of flame (3)
 G - a wand of digging (9)
 P - a wand of paralysis (20)
Scrolls
 f - a scroll of fear
 k - 2 scrolls of noise {unknown}
 l - a scroll of enchant armour {unknown}
 m - 2 scrolls of magic mapping
 n - 2 scrolls of amnesia {unknown}
 p - 2 scrolls of teleportation
 u - a scroll of vulnerability {unknown}
 x - a scroll of blinking {unknown}
 C - a scroll of brand weapon {unknown}
 H - a scroll of silence {unknown}
Potions
 c - 3 potions of invisibility
 d - a potion of degeneration {unknown}
 g - a potion of brilliance
 j - 2 potions of magic
 r - a potion of might
 v - 4 potions of haste {unknown}
 w - a potion of mutation {!q}
 D - 2 potions of curing


   Skills:
 + Level 4.6 Fighting
 - Level 3.0 Short Blades
 + Level 1.7 Polearms
 - Level 2.1 Dodging
 - Level 5.0 Stealth
 - Level 4.0 Spellcasting
 + Level 5.8 Conjurations
 - Level 3.0 Hexes
 - Level 5.0 Ice Magic
 - Level 5.0 Evocations


You had 8 spell levels left.
You knew the following spells:

 Your Spells              Type           Power      Damage    Failure   Level
a - Dazzling Flash        Conj/Hex       42%        N/A       9%          3
e - Ensorcelled Hibernat  Hex/Ice        40%        N/A       5%          2
z - Ozocubu's Armour      Ice            24%        N/A       7%          3

Your spell library contained the following spells:

 Spells                   Type           Power      Damage    Failure   Level
 Confusing Touch          Hex            16%        N/A       16%         3
 Stone Arrow              Conj/Erth      30%        3d8       16%         3
 Tukima's Dance           Hex            16%        N/A       16%         3
 Sandblast                Erth           8%         2d5       19%         1
 Passwall                 Tmut/Erth      3%         N/A       26%         2
 Inner Flame              Hex/Fire       10%        N/A       28%         3
 Cause Fear               Hex            8%         N/A       45%         4
 Ozocubu's Refrigeration  Ice            12%        4d7       100%        7
 Borgnjor's Revivificati  Necr           2%         N/A       100%        8
 Discord                  Hex            8%         N/A       100%        8
 Necromutation            Tmut/Necr      2%         N/A       100%        8
 Death's Door             Necr           2%         N/A       100%        9


Dungeon Overview and Level Annotations

Branches:
Dungeon (7/15)             Temple (0/1) D:5           Sewer (visited)

Altars:
Elyvilon
Zin
The Shining One
Ignis

Annotations:
D:6 3 runed translucent doors, ioannis32's ghost, novice DsBe


Innate Abilities, Weirdness & Mutations

You have a beak for a mouth.
You have claws for feet.
Your magical nature lets you fly swiftly and evasively.


Message History

Okay, then.
Okay, then.
You see here a +2 pair of boots.
There is a stone staircase leading down here. 2 wights come into view.
A wight is wielding a +3 dire flail of freezing and wearing a +1 robe of willpower.
Casting: Ozocubu's Armour (dangerous; 7% risk of failure)
Confirm with . or Enter, or press ? or * to list all spells.
A film of ice covers your body!
You reach to attack!
You completely miss the wight.
The wight hits you with a +3 dire flail of freezing.
You feel drained. The wight freezes you.
You hit the wight. You burn the wight. You claw the wight.
The wight is heavily damaged.
The wight closely misses you.
You slash the wight! You burn the wight.
You destroy the wight!
Your life force feels restored.
No target in view!
Your icy armour cracks and falls away as you move.
Things that are here:
a +3 dire flail of freezing; a +1 robe of willpower
h - a +1 robe of willpower
Casting: Ozocubu's Armour (dangerous; 7% risk of failure)
Confirm with . or Enter, or press ? or * to list all spells.
A film of ice covers your body!
You reach to attack!
You barely miss the wight. You barely miss the wight.
The wight hits you with a +2 dire flail.
You feel drained.
The wight hits you with a +2 dire flail.
You feel drained.
You hit the wight but do no damage. Your kick misses the wight.
You peck the wight, but do no damage. The wight misses you.
You hit the wight. You burn the wight.
The wight is lightly damaged.
The wight hits you with a +2 dire flail!
You feel drained.
The wight hits you with a +2 dire flail!
You die...

.....................#####
.........................
........####............
......# ##........####
....## ##...[......###
...# #............##
#.###..............
#..................
##.@................
#.z#................
#.#................#
#..#................#
#.###.............>.# ..
#.............#.# ...
##...........##.# ...
##.........###.. ....
##......### #..


You could see a wight.

Vanquished Creatures
  A troll (D:6)
  A wyvern (D:7)
  Menkaure (D:7)
  2 orc warriors (D:6)
  2 black bears
  An ogre (D:5)
  A phantom (D:7)
  A centaur (D:6)
  2 scorpions
  A water moccasin skeleton (D:5)
  4 wights (D:7)
  A howler monkey (D:7)
  A centaur zombie (D:7)
  An orc priest (D:6)
  A hound (D:7)
  A bullfrog skeleton (D:5)
  A jelly (D:5)
  A centaur skeleton (D:6)
  4 iguanas
  A scorpion zombie (D:5)
  6 orc wizards
  A hound skeleton (D:4)
  7 gnolls
  8 adders
  7 river rats (Sewer)
  2 white imps
  An ufetubus (D:5)
  A worm (D:2)
  2 dart slugs
  27 orcs
  5 bats
  9 endoplasms
  6 giant cockroaches
  3 goblins
  7 hobgoblins
  22 kobolds
  5 quokkas
  15 ball pythons
  6 frilled lizards
  20 rats
189 creatures vanquished.

Vanquished Creatures (others)
  An orc (D:6)
  A plant (D:2)
2 creatures vanquished.

Grand Total: 191 creatures vanquished

Notes
Turn   | Place    | Note
-------+----------+-------------------------------------------
     0 | D:1      | emikaela the Tengu Enchanter began the quest for the Orb.
     0 | D:1      | Reached XP level 1. HP: 10/10 MP: 4/4
   522 | D:1      | Reached skill level 1 in Fighting
   522 | D:1      | Reached XP level 2. HP: 16/16 MP: 6/6
   533 | D:1      | Learned a level 2 spell: Ensorcelled Hibernation
   931 | D:1      | Found a faded altar of an unknown god.
   934 | D:1      | Prayed at the altar of an unknown god.
   934 | D:1      | Became a worshipper of Ignis, the Dying Flame
  1473 | D:2      | Reached XP level 3. HP: 20/20 MP: 7/7
  2400 | D:1      | Reached XP level 4. HP: 19/26 MP: 5/8
  2610 | D:2      | Reached skill level 1 in Ice Magic
  2921 | D:3      | Gained mutation: Your magical nature lets you fly swiftly
                  | and evasively. [Tengu growth]
  2921 | D:3      | Reached XP level 5. HP: 31/31 MP: 4/9
  4909 | D:4      | Reached skill level 1 in Evocations
  4909 | D:4      | Reached XP level 6. HP: 28/36 MP: 2/11
  5672 | D:5      | Entered Level 5 of the Dungeon
  5741 | D:5      | Found a glowing drain.
  5785 | Sewer    | Entered a sewer
  6895 | D:5      | Reached XP level 7. HP: 40/41 MP: 9/12
  7200 | D:5      | Found a staircase to the Ecumenical Temple.
  7963 | D:5      | Found a glowing golden altar of the Shining One.
  7963 | D:5      | Found a glowing silver altar of Zin.
  7964 | D:5      | Found a white marble altar of Elyvilon.
  8091 | D:6      | Reached XP level 8. HP: 14/46 MP: 13/13
  8317 | D:6      | Reached skill level 5 in Stealth
  8372 | D:6      | Learned a level 3 spell: Ozocubu's Armour
  8376 | D:6      | Learned a level 3 spell: Dazzling Flash
  8490 | D:6      | Reached skill level 1 in Conjurations
  8895 | D:6      | Noticed a troll
  9456 | D:6      | Found a runed translucent gate.
  9456 | D:6      | Found a runed translucent gate.
  9456 | D:6      | Found a runed translucent gate.
  9457 | D:6      | Noticed ioannis32's ghost (novice DsBe)
  9560 | D:6      | Killed a troll
  9916 | D:6      | Identified the +2 leather armour of Mytof {rPois}
  9953 | D:7      | Reached XP level 9. HP: 52/52 MP: 10/15
  9976 | D:7      | Reached skill level 5 in Ice Magic
 10145 | D:7      | Noticed Menkaure
 10151 | D:7      | Killed Menkaure
 10152 | D:7      | Reached skill level 5 in Conjurations
 10225 | D:7      | Reached skill level 5 in Evocations
 10586 | D:7      | Reached skill level 1 in Polearms
 10932 | D:7      | Slain by a wight

Illustrated notes

Levels and vault maps discovered:
D:1:      amcnicky_arrival_flooded_fountain, layout_loops_ring,
          hellmonk_ecumenical_altar_heavens_door, amcnicky_mini_pool_small,
          minmay_door_square
D:2:      layout_basic, nicolae_grassy_gnolls
D:3:      layout_basic
D:4:      layout_layer_cave
D:5:      layout_loops_ring, good_gods_temple_1, minmay_temple_entry_offerings,
          portal_sewer_entry_f
D:6:      layout_loops_ring, ebering_ghost_rock_garden
D:7:      layout_cave_pods, uniq_menkaure

Skill      XL: |  1  2  3  4  5  6  7  8  9 |
---------------+----------------------------+-----
Fighting       | 1 2 3 4 |  4.6
Short Blades   | 2 3 |  3.0
Ice Magic      | 1 2 3 4 5 |  5.0
Evocations     | 1 2 4 5 |  5.0
Stealth        | 4 5 |  5.0
Spellcasting   | 3 4 |  4.0
Conjurations   | 4 5 |  5.8
Hexes          | 3 |  3.0
Polearms       | 1 |  1.7
Dodging        | |  2.1

Action                   |  1- 3 |  4- 6 |  7- 9 || total
-------------------------+-------+-------+-------++-------
Melee: Dagger            |    89 |   181 |   133 ||   403
       Kick              |    19 |    37 |    52 ||   108
       Peck              |    12 |    21 |    28 ||    61
       Punch             |     1 |     2 |       ||     3
       Halberd           |    12 |       |    37 ||    49
 Cast: Ensorcelled Hiber |     5 |    68 |    47 ||   120
       Ozocubu's Armour  |       |       |     3 ||     3
Invok: Fiery Armour      |       |     1 |     3 ||     4
       Rising Flame      |       |       |     1 ||     1
Evoke: Wand              |       |       |     8 ||     8
  Use: Scroll            |       |     4 |     8 ||    12
       Potion            |       |     1 |     3 ||     4
 Stab: Sleeping          |     8 |    42 |    33 ||    83
       Invisible         |       |       |     2 ||     2
Armor: Robe              |    12 |    18 |    12 ||    42
       Leather armour    |       |       |     8 ||     8
Dodge: Dodged            |    42 |    89 |    88 ||   219
